 Dungeon Crawl Stone Soup version 0.28-a0-628-g3c9886e45e (webtiles) character file.

Game seed: 2734591011771999231

51 frimble the Stinger (level 3, -1/21 HPs)
             Began as an Octopode Venom Mage on Oct 9, 2021.
             Succumbed to an adder's poison
             ... on level 3 of the Dungeon.
             The game lasted 00:02:50 (2955 turns).

frimble the Stinger (Octopode Venom Mage)           Turns: 2955, Time: 00:02:51

Health: -1/21      AC:  1    Str:  7    XL:     3   Next: 83%
Magic:  1/6        EV: 13    Int: 24    God:
Gold:   83         SH:  0    Dex: 12    Spells: 5/6 levels left

rFire   . . .      SeeInvis .   b - staff of poison
rCold   . . .      Faith    .   (no shield)
rNeg    . . .      Spirit   .   (helmet restricted)
rPois   +          Reflect  .   (no amulet)
rElec   .          Harm     .   d - ring of wizardry
rCorr   .          Rampage  .   f - +6 ring of intelligence
Will    .....                   (no ring)
Stlth   +++.......              (no ring)
HPRegen 0.07/turn               (no ring)
MPRegen 0.10/turn               (no ring)
                                (no ring)
                                (no ring)

@: lethally poisoned (-1 -> -11)
A: almost no armour, amphibious, 8 rings, camouflage 1, gelatinous body 1,
(nimble swimmer 1), tentacles
a: no special abilities


You were on level 3 of the Dungeon.
You visited 1 branch of the dungeon, and saw 3 of its levels.

You collected 83 gold pieces.

Inventory:

Magical Staves
 b - a staff of poison (weapon)
Jewellery
 d - a ring of wizardry (left tentacle)
 e - a ring of ice
 f - a +6 ring of intelligence (right tentacle)
Scrolls
 a - a scroll of identify
 c - a scroll of vulnerability


   Skills:
 - Level 2.2 Dodging
 - Level 3.0 Stealth
 - Level 2.1 Spellcasting
 - Level 1.3 Transmutations
 + Level 5.0 Poison Magic


You had 5 spell levels left.
You knew the following spells:

 Your Spells              Type           Power      Damage    Failure   Level
a - Sting                 Tmut/Pois      100%       1d8       1%          1

Your spell library contained the following spells:

 Spells                   Type           Power      Damage    Failure   Level
 Poisonous Vapours        Pois/Air       44%        N/A       2%          2
 Olgreb's Toxic Radiance  Pois           40%        N/A       6%          4
 Mephitic Cloud           Conj/Pois/Air  16%        N/A       8%          3


Dungeon Overview and Level Annotations

Branches:
Dungeon (3/15)

Altars:


Innate Abilities, Weirdness & Mutations

You cannot wear most types of armour.
You are amphibious.
You can wear up to eight rings at the same time.
Your skin changes colour to match your surroundings (Stealth+).
Your rubbery body absorbs attacks. (AC +1, EV +1)
((You are camouflaged near water. (Stealth+)))
You have tentacles for arms and can constrict up to eight enemies at once.


Message History

Aiming: Sting (safe; 1% risk of failure)
Press: ? - help, Shift-Dir - straight line, f/p - adder
Aim: an adder (63% to hit)
You feel a surge of power!
The sting hits the adder but does no damage.
The adder is poisoned.
You feel sick. The adder bites you.
Casting: Sting (safe; 1% risk of failure)
Confirm with . or Enter, or press ? or * to list all spells.
Aiming: Sting (safe; 1% risk of failure)
Press: ? - help, Shift-Dir - straight line, f/p - adder
Aim: an adder (poisoned, 63% to hit)
You feel a surge of power!
The sting hits the adder.
The adder looks even sicker.
The adder is lightly wounded.
You feel sick. The adder barely misses you. The adder closely misses you.
The adder bites you.
Casting: Sting (safe; 1% risk of failure)
Confirm with . or Enter, or press ? or * to list all spells.
Aiming: Sting (safe; 1% risk of failure)
Press: ? - help, Shift-Dir - straight line, f - adder, p - adder
Aim: an adder (63% to hit)
You feel a surge of power!
The sting hits the adder!
The adder is poisoned.
The adder is almost dead.
You feel sick.
You are no longer poisoned.
The adder bites you.
* * * LOW HITPOINT WARNING * * *
You are lethally poisoned!
The adder poisons you! The adder barely misses you. The adder bites you.
* * * LOW HITPOINT WARNING * * *
You are more poisoned.
The adder poisons you!
Casting: Sting (safe; 1% risk of failure)
Confirm with . or Enter, or press ? or * to list all spells.
Aiming: Sting (safe; 1% risk of failure)
Press: ? - help, Shift-Dir - straight line, p - adder You feel a surge of power!
The sting hits the adder.
The adder looks even sicker.
You kill the adder!
You die...

####### . .......
####..
.......###...
............ ###
......†..#.# #..
......S@.#.# ...
........!#.###.####
..........?.?......
...<...........###.
...........<..[...#
#............>....#
#..................
#..................
#................#


You could see an adder (very poisoned).

Vanquished Creatures
  An adder (D:3)
  2 dart slugs
  2 endoplasms (D:1)
  A giant cockroach (D:1)
  4 hobgoblins
  5 jackals (D:1)
  A quokka (D:2)
  5 ball pythons (D:2)
  5 bats
  4 frilled lizards (D:1)
  4 goblins
  6 kobolds (D:1)
  8 rats
48 creatures vanquished.

Vanquished Creatures (others)
  18 plants
18 creatures vanquished.

Grand Total: 66 creatures vanquished

Notes
Turn   | Place    | Note
-------+----------+-------------------------------------------
     0 | D:1      | frimble the Octopode Venom Mage began the quest for the
                  | Orb.
     0 | D:1      | Reached XP level 1. HP: 11/11 MP: 3/3
   286 | D:1      | Reached XP level 2. HP: 8/17 MP: 3/5
   886 | D:1      | Reached skill level 4 in Poison Magic
  1288 | D:1      | Reached XP level 3. HP: 12/21 MP: 4/6
  2769 | D:2      | Reached skill level 5 in Poison Magic
  2955 | D:3      | Succumbed to an adder's poison

Illustrated notes

Levels and vault maps discovered:
D:1:      dpeg_arrival_rooms_with_view, layout_loops_ring,
          chequers_serial_rivers_marsh, minmay_misc_feat_cross,
          lexackson_kobold_supper
D:2:      layout_basic, serial_bayou, serial_bayou_ford_a, serial_bayou_shore_a,
          serial_bayou_pond_e, serial_bayou_pond_c, serial_bayou_crossing,
          serial_bayou_pond_b, due_unseen_surprise
D:3:      layout_rooms, uniq_crazy_yiuf_cottage

Skill      XL: |  1  2  3 |
---------------+----------+-----
Stealth        | 3 |  3.0
Poison Magic   | 4 5 |  5.0
Dodging        | |  2.2
Spellcasting   | |  2.1
Transmutations | |  1.3

Action                   || total
-------------------------++-------
Melee: Staff             ||    71
       Unarmed           ||     5
       Constrict         ||    22
       Tentacles         ||    15
 Cast: Sting             ||    29
  Use: Potion            ||     1
       Scroll            ||     2
 Stab: Sleeping          ||     9
Armor: Skin              ||    11
Dodge: Dodged            ||    77

Table legend: (Time is in decaauts)
 A = Elapsed time spent in this place.
 B = Non-inter-level travel time spent in this place.
 C = Inter-level travel time spent in this place.
 D = Time resting spent in this place.
 E = Time spent auto-exploring this place.
 F = Levels seen in this place.
 G = Mean time per level.
                   A        B        C        D        E       F      G
               +--------+--------+--------+--------+--------+-----+--------+
         Total |   2967 |   2926 |     41 |      0 |   2515 |   3 |  989.0 |
       Dungeon |   2967 |   2926 |     41 |      0 |   2515 |   3 |  989.0 |
               +--------+--------+--------+--------+--------+-----+--------+

Top non-repeatable levels by time:
     D:1: 1819 daAuts
     D:2: 1134 daAuts
     D:3: 13 daAuts
